 Dungeon Crawl Stone Soup version 0.26-a0-1205-g4083c211ab (webtiles) character file.

Game seed: 14475807220652399402

51 CurlyBrace the Sneak (level 3, 0/17 HPs)
             Began as a Felid Delver on Dec 29, 2020.
             Slain by a ball python skeleton (1 damage)
             ... on level 4 of the Dungeon.
             The game lasted 00:01:36 (150 turns).

CurlyBrace the Sneak (Felid Delver)                  Turns: 150, Time: 00:01:38

Health: 0/17       AC:  1    Str:  8    XL:     3   Next: 58%
Magic:  4/4        EV: 15    Int: 12    God:
Gold:   15         SH:  0    Dex: 17    Spells: 2/2 levels left
                                        Lives:  0   Deaths: 0

rFire    . . .     SeeInvis +     - Unarmed
rCold    . . .     Faith    .   (shield unavailable)
rNeg     . . .     Spirit   .   (armour unavailable)
rPois    .         Reflect  .   (helmet unavailable)
rElec    .         Harm     .   (cloak unavailable)
rCorr    .         Rampage  .   (gloves unavailable)
Will     .....                  (boots unavailable)
Stlth    ++++......             (no amulet)
HPRegen  0.05/turn              (no ring)
MPRegen  0.09/turn              (no ring)

@: attractive, hasted, constricted, very quick
A: very small, no armour, no weapons or thrown items, stealth, claws 1, fangs 3,
see invisible, speed 1, shaggy fur 1, sharp paws
a: no special abilities


You were on level 4 of the Dungeon.
You visited 1 branch of the dungeon, and saw 4 of its levels.

You collected 15 gold pieces.

Inventory:

Wands
 v - a wand of digging (3)
Scrolls
 a - a scroll of fog
 c - a scroll of fear


   Skills:
 * Level 3.2 Fighting
 + Level 3.1 Dodging
 - Level 7.0 Stealth
 * Level 3.2 Unarmed Combat


You had 2 spell levels left.
You didn't know any spells.
Your spell library was empty.

Dungeon Overview and Level Annotations

Branches:
Dungeon (6/15)
 Temple: D:4-7

Altars:
Qazlal


Innate Abilities, Weirdness & Mutations

You cannot wear armour.
You are incapable of wielding weapons or throwing items.
Your paws allow you to move quietly. (Stealth)
You have sharp claws.
You have razor-sharp teeth.
You have supernaturally acute eyesight. (SInv)
You cover ground quickly.
You are covered in fur. (AC +1)
Your sharp claws are effective at attacking unaware monsters.


Message History

The ball python skeleton bites you but does no damage.
The ball python skeleton misses you.
You scratch the howler monkey skeleton.
The howler monkey skeleton is severely damaged.
The howler monkey skeleton barely misses you.
You scratch the howler monkey skeleton.
The howler monkey skeleton is almost destroyed.
A hound comes into view.
The ball python skeleton bites you but does no damage.
The ball python skeleton barely misses you.
The howler monkey skeleton hits you.
* * * LOW HITPOINT WARNING * * *
The hound is pulled toward you!
You barely miss the howler monkey skeleton.
The howler monkey skeleton is almost destroyed.
The hound barks!
The ball python skeleton bites you.
* * * LOW HITPOINT WARNING * * *
The ball python skeleton grabs you.
You die...

*,,,******,#......# #.#,*
*,****,,.....####.#######.#,*
*,,,,,,*##..###.#.##......#.#
*****,,,...###)....#.#.B....#
**,*...#)..#.....#.######
*,*.###....(.##.#.#
*****,*,#...#..#.##.#.#
**,,,,,,,#._⌠.....##.#.#
,,,*,*,*,**,,#hZ@.##B#.#
,,,,,,,*,*#....##Z##s#.#
********,,##..,*#.##B#.*
**,,##*,*#.##.#.####**
****,,**,*#..B.....(..*
*,,,,,,***#..###.####.*
*,**,,,,....## *.# *,*
*,**,,..##### *,# *,*
*,**,,*** **,** *,*


You could see a hound, a ball python skeleton and a howler monkey skeleton.

Vanquished Creatures
  A quasit (D:3)
  A hound zombie (D:5)
  A leopard gecko (D:5)
  2 goblins (D:3)
  A ball python (D:3)
  A quokka skeleton (D:4)
7 creatures vanquished.

Notes
Turn   | Place    | Note
-------+----------+-------------------------------------------
     0 | D:5      | CurlyBrace the Felid Delver began the quest for the Orb.
     0 | D:5      | Reached XP level 1. HP: 10/10 MP: 2/2
    15 | D:3      | Noticed a quasit
    26 | D:3      | Killed a quasit
    27 | D:3      | Reached skill level 7 in Stealth
    27 | D:3      | Reached XP level 2. HP: 9/14 MP: 3/3
    27 | D:3      | Reached XP level 3. HP: 11/17 MP: 4/4
   101 | D:4      | Noticed a scorpion
   101 | D:4      | Noticed an ogre
   143 | D:4      | Found a stormy altar of Qazlal.
   150 | D:4      | Slain by a ball python skeleton

Illustrated notes

Levels and vault maps discovered:
D:3:      layout_basic
D:4:      layout_loops_ring, overflow_temple_1_default, general_overflow_altar,
          ebering_ghost_sewer_f, minmay_misc_feat_ornament, minmay_ruined_shrine
D:5:      layout_rooms, minmay_manual_moon, uniq_grinder
D:6:      layout_basic, uniq_menkaure, uniq_maggie

Skill      XL: |  1 |
---------------+----+-----
Dodging        | 3 |  3.1
Stealth        | 7 |  7.0
Unarmed Combat | 3 |  3.2
Fighting       | |  3.2

Action                   || total
-------------------------++-------
Melee: Unarmed           ||    34
       Bite              ||     4
  Use: Potion            ||     3
       Scroll            ||     1
 Stab: Sleeping          ||     1
Armor: Skin              ||     4
Dodge: Dodged            ||    44

Table legend: (Time is in decaauts)
 A = Elapsed time spent in this place.
 B = Non-inter-level travel time spent in this place.
 C = Inter-level travel time spent in this place.
 D = Time resting spent in this place.
 E = Time spent auto-exploring this place.
 F = Levels seen in this place.
 G = Mean time per level.
                   A        B        C        D        E       F      G
               +--------+--------+--------+--------+--------+-----+--------+
         Total |    121 |    121 |      0 |      0 |      0 |   4 |   30.2 |
       Dungeon |    121 |    121 |      0 |      0 |      0 |   4 |   30.2 |
               +--------+--------+--------+--------+--------+-----+--------+

Top non-repeatable levels by time:
     D:4: 56 daAuts
     D:5: 33 daAuts
     D:3: 29 daAuts
     D:6: 1 daAuts
